 Dungeon Crawl Stone Soup version 0.27.1 (webtiles) character file.

Game seed: 18157976991024882262

6446 Tinkle the Severer (level 10, -2/83 HPs)
             Began as a Minotaur Berserker on Sept 3, 2021.
             Was a High Priest of Trog.
             Slain by a tengu warrior (19 damage)
             ... on level 8 of the Dungeon.
             The game lasted 00:32:28 (9004 turns).

Tinkle the Severer (Minotaur Berserker)             Turns: 9004, Time: 00:32:29

Health: -2/83      AC: 15    Str: 25    XL:     10   Next: 67%
Magic:  9/9        EV:  7    Int:  5    God:    Trog [*****.]
Gold:   387        SH: 11    Dex:  9    Spells: 9/9 levels left

rFire    + . .     SeeInvis .   a - +1 war axe (elec)
rCold    . . .     Faith    .   C - +0 kite shield
rNeg     . . .     Spirit   .   h - +2 chain mail {rF+}
rPois    .         Reflect  .   (helmet restricted)
rElec    .         Harm     .   (no cloak)
rCorr    .         Rampage  +   F - +0 pair of gloves
Will     .....                  u - +2 pair of boots {rampage}
Stlth    ..........             (no amulet)
HPRegen  0.23/turn              (no ring)
MPRegen  0.11/turn              (no ring)

@: about to teleport, on berserk cooldown, slowed, very slow
A: horns 2, retaliatory headbutt
a: Renounce Religion, Berserk, Trog's Hand, Brothers in Arms


You were on level 8 of the Dungeon.
You worshipped Trog.
Trog was extremely pleased with you.
You visited 1 branch of the dungeon, and saw 8 of its levels.
You also visited: Sewer.

You collected 387 gold pieces.

Inventory:

Hand Weapons
 a - a +1 war axe of electrocution (weapon)
 b - a +3 hand axe of electrocution
Missiles
 o - 2 throwing nets
 q - 14 poisoned darts (quivered)
Armour
 h - a +2 chain mail of fire resistance (worn)
 u - a +2 pair of boots of rampaging (worn)
 A - the +1 robe "Tub Nuts" {Will+ rCorr Dex+4}
   (You found it on level 6 of the Dungeon)

   Dex:       It affects your dexterity (+4).
   rCorr:     It protects you from acid and corrosion.
   Will:      It increases your willpower.
 C - a +0 kite shield (worn)
 F - a +0 pair of gloves (worn)
Jewellery
 r - a ring of ice
Wands
 n - a wand of flame (37)
Scrolls
 d - a scroll of torment {unknown}
 g - a scroll of acquirement {unknown}
 i - a scroll of magic mapping {unknown}
 j - a scroll of fog
 k - a scroll of silence {unknown}
 p - a scroll of brand weapon
 w - a scroll of teleportation
 x - a scroll of enchant weapon {unknown}
 y - a scroll of noise {unknown}
 D - a scroll of enchant armour {unknown}
 E - a scroll of immolation {unknown}
Potions
 c - a potion of degeneration {unknown}
 l - a potion of magic {unknown}
 s - a potion of curing {unknown}
 t - 2 potions of haste
 v - 2 potions of lignification {unknown}
 z - 2 potions of ambrosia {unknown}
 B - a potion of mutation {unknown}


   Skills:
 - Level 6.0 Fighting
 - Level 16.0 Axes
 - Level 4.2 Armour
 - Level 2.4 Dodging
 + Level 7.7 Shields


You had 9 spell levels left.
You didn't know any spells.
Your spell library was empty.

Dungeon Overview and Level Annotations

Branches:
Dungeon (8/15)             Temple (0/1) D:5           Sewer (visited)
   Lair: D:8-11

Altars:
Beogh

Annotations:
D:5 5 runed translucent doors


Innate Abilities, Weirdness & Mutations

You have a pair of horns on your head.
You reflexively headbutt those who attack you in melee.


Message History

A bullfrog comes into view.
A centaur warrior comes into view.
The tengu warrior unwields a +0 longbow.
The tengu warrior wields a +0 halberd.
The tengu warrior hits you with a +0 halberd!
You block the tengu warrior's attack. The tengu warrior claws you.
Damage: -9%(-8hp) hp: 49%(40hp)
Your shield and chain mail prevent you from hitting the tengu warrior.
The centaur warrior shouts!
The bullfrog gives a loud, deep croak!
Your headbutt misses the tengu warrior. The tengu warrior barely misses you.
You furiously retaliate!
You headbutt the tengu warrior, but do no damage.
The tengu warrior pecks you but does no damage.
The tengu warrior claws you but does no damage.
You miss the tengu warrior.
The tengu warrior hits you with a +0 halberd.
You block the tengu warrior's attack. The tengu warrior claws you.
A cyclops comes into view.
Damage: -5%(-4hp) hp: 45%(37hp)
You hit the tengu warrior.
Lightning courses through the tengu warrior!
You headbutt the tengu warrior.
The tengu warrior is heavily wounded.
The tengu warrior hits you with a +0 halberd.
You block the tengu warrior's attack. x2
A centaur zombie comes into view.
The tengu warrior hits you but does no damage.
The tengu warrior barely misses you.
The tengu warrior claws you but does no damage.
Damage: -5%(-4hp) hp: 40%(33hp)
You closely miss the tengu warrior.
The tengu warrior is heavily wounded.
The tengu warrior hits you with a +0 halberd!
* * * LOW HITPOINT WARNING * * *
The tengu warrior pecks you but does no damage.
You block the tengu warrior's attack.
Huge Dmg: -19%(-16hp) hp: 21%(17hp)
As you read the scroll of teleportation, it crumbles to dust.
You feel strangely unstable.
The tengu warrior hits you with a +0 halberd!!
You die...

#...### #...##
..#. ####).# .#C
#..<).## ...
#......# .Z
#..#.#.####F###
.......#..#..uc.#
......####.##.#Q#
.......'.....#.†@#
##.....###.#.##)##
#..... #.#..#)#
... #.##.#.# #.
#..#..# #. ##.#.##
#. #...# #. #####


You could see a brown ugly thing, a tengu warrior, a centaur warrior, a cyclops,
a bullfrog and a centaur zombie.

Vanquished Creatures
  A two-headed ogre (D:6)
  The ghost of Munclebunn the Ruffian, a novice DrTm of Sif Muna (D:7)
  Pikel (D:6)
  An ugly thing (D:8)
  A troll (D:6)
  Grinder (D:6)
  Prince Ribbit (D:6)
  Sigmund (D:2)
  5 yaks (D:5)
  A wyvern (D:7)
  Edmund (D:6)
  2 water moccasins
  An orc warrior (D:8)
  2 black bears
  2 ice beasts (D:5)
  A necrophage (D:4)
  4 sky beasts
  An ogre (D:5)
  2 centaurs
  A lemure (D:6)
  A phantom (D:6)
  A kobold brigand (D:6)
  4 bullfrogs
  4 wights (D:7)
  A centaur zombie (D:7)
  2 jellies
  A centaur skeleton (D:7)
  A bullfrog skeleton (D:5)
  6 orc priests
  An iguana (D:5)
  Terence (D:2)
  5 orc wizards
  2 killer bee zombies
  2 hound skeletons (D:5)
  2 howler monkey zombies
  A howler monkey skeleton (D:4)
  7 adders
  3 gnolls (D:4)
  A river rat (D:6)
  A white imp (D:7)
  An ufetubus (D:6)
  An adder skeleton (D:4)
  3 worms (D:2)
  2 dart slugs
  16 orcs
  15 ball pythons
  13 endoplasms
  10 giant cockroaches
  9 goblins
  11 hobgoblins
  7 jackals (D:1)
  7 kobolds
  14 quokkas
  3 bats
  3 frilled lizards
  A quokka skeleton (D:4)
  10 rats
204 creatures vanquished.

Notes
Turn   | Place    | Note
-------+----------+-------------------------------------------
     0 | D:1      | Tinkle the Minotaur Berserker began the quest for the Orb.
     0 | D:1      | Reached XP level 1. HP: 19/19 MP: 0/0
   184 | D:1      | Reached XP level 2. HP: 24/27 MP: 1/1
   276 | D:1      | Reached skill level 4 in Axes
   354 | D:1      | Huge Dmg: 6 dmg
   381 | D:1      | Huge Dmg: 8 dmg
   385 | D:1      | Huge Dmg: 3 dmg
   386 | D:1      | Huge Dmg: 2 dmg
   386 | D:1      | Reached ** piety under Trog
   387 | D:1      | Reached XP level 3. HP: 6/33 MP: 2/2
  1149 | D:2      | Noticed Terence
  1152 | D:2      | Huge Dmg: 6 dmg
  1156 | D:2      | Killed Terence
  1157 | D:2      | Reached skill level 5 in Axes
  1157 | D:2      | Reached XP level 4. HP: 40/41 MP: 3/3
  1160 | D:2      | Huge Dmg: 14 dmg
  1414 | D:2      | Noticed Sigmund
  1429 | D:2      | Killed Sigmund
  1430 | D:2      | Reached skill level 5 in Fighting
  1430 | D:2      | Reached skill level 6 in Axes
  1430 | D:2      | Reached XP level 5. HP: 48/48 MP: 4/4
  1434 | D:2      | Huge Dmg: 24 dmg
  1731 | D:2      | Reached skill level 7 in Axes
  1737 | D:2      | Found a faded altar of an unknown god.
  2500 | D:3      | Noticed a water moccasin
  2507 | D:3      | Killed a water moccasin
  2508 | D:3      | Reached XP level 6. HP: 45/56 MP: 5/5
  3024 | D:4      | Reached skill level 8 in Axes
  3041 | D:4      | Huge Dmg: 12 dmg
  3043 | D:4      | Reached *** piety under Trog
  3235 | D:4      | Reached XP level 7. HP: 46/61 MP: 6/6
  3423 | D:4      | Reached skill level 9 in Axes
  3499 | D:5      | Entered Level 5 of the Dungeon
  3922 | D:5      | Reached skill level 10 in Axes
  3934 | D:5      | Noticed a yak
  3936 | D:5      | Noticed a yak
  3952 | D:5      | Killed a yak
  3953 | D:5      | Reached XP level 8. HP: 60/68 MP: 7/7
  4012 | D:5      | Reached skill level 11 in Axes
  4021 | D:5      | Reached skill level 12 in Axes
  4221 | D:5      | Found the +9 staff of Olgreb {rPois∞}
  4577 | D:5      | Found a staircase to the Ecumenical Temple.
  4612 | D:5      | Huge Dmg: 19 dmg
  4614 | D:5      | Huge Dmg: 17 dmg
  4653 | D:5      | Reached skill level 13 in Axes
  4844 | D:5      | Huge Dmg: 13 dmg
  5305 | D:5      | Reached XP level 9. HP: 73/74 MP: 8/8
  5441 | D:5      | Found a runed translucent door.
  5448 | D:5      | Found a runed translucent gate.
  5448 | D:5      | Found a runed translucent gate.
  5449 | D:5      | Found a runed translucent door.
  5465 | D:5      | Found a runed translucent gate.
  5937 | D:6      | Noticed Pikel
  5943 | D:6      | Huge Dmg: 16 dmg
  5975 | D:6      | Killed Pikel
  5976 | D:6      | Reached skill level 14 in Axes
  5982 | D:6      | Huge Dmg: 21 dmg
  6060 | D:6      | Noticed Grinder
  6078 | D:6      | Found a glowing drain.
  6082 | D:6      | Noticed a two-headed ogre
  6087 | D:6      | Killed Grinder
  6093 | D:6      | Huge Dmg: 32 dmg
  6095 | D:6      | Huge Dmg: 11 dmg
  6098 | D:6      | Killed a two-headed ogre
  6099 | D:6      | Reached skill level 15 in Axes
  6104 | D:6      | Huge Dmg: 13 dmg
  6132 | Sewer    | Entered a sewer
  6555 | Sewer    | Reached **** piety under Trog
  7031 | D:6      | Noticed Prince Ribbit
  7047 | D:6      | Killed Prince Ribbit
  7050 | D:6      | Reached XP level 10. HP: 71/81 MP: 9/9
  7097 | D:6      | Reached skill level 16 in Axes
  7145 | D:6      | Identified the +1 robe "Tub Nuts" {Will+ rCorr Dex+4}
  7305 | D:6      | Noticed Edmund
  7319 | D:6      | Killed Edmund
  7326 | D:6      | Huge Dmg: 39 dmg
  7840 | D:7      | Reached skill level 1 in Shields
  8285 | D:7      | Noticed Munclebunn's ghost (novice DrTm)
  8286 | D:7      | Found a runed translucent door.
  8849 | D:7      | Killed Munclebunn's ghost
  8984 | D:8      | Noticed a purple ugly thing
  8988 | D:8      | Noticed a brown ugly thing
  8990 | D:8      | Noticed a tengu warrior
  8995 | D:8      | Killed a purple ugly thing
  8995 | D:8      | Reached ***** piety under Trog
  8999 | D:8      | Huge Dmg: 34 dmg
  8999 | D:8      | Noticed a centaur warrior
  9001 | D:8      | Noticed a cyclops
  9004 | D:8      | Huge Dmg: 16 dmg
  9004 | D:8      | Slain by a tengu warrior

Illustrated notes

Levels and vault maps discovered:
D:1:      co_arrival_square_in_a_square_in_a_square, layout_basic,
          item_on_display_a
D:2:      minmay_evil_eye, layout_basic, basic_ecumenical_altar,
          minmay_rat_gold_closets, uniq_sigmund, uniq_terence
D:3:      layout_loops_ring
D:4:      layout_rooms
D:5:      layout_cave_pods, minmay_temple_entry_glassed_door,
          serial_column_ruins, column_ruins_open_small,
          column_ruins_corridor_straight, column_ruins_open_tiny,
          column_ruins_open_tiny, minmay_guarded_unrand_staff_of_olgreb
D:6:      layout_cave_pods, portal_sewer_entry_a, minmay_between,
          uniq_prince_ribbit1, uniq_edmund, uniq_grinder, uniq_pikel
D:7:      layout_basic, hellmonk_ghost_happy_afterlife, david_defended_altar_orc
D:8:      minmay_the_grid_four_pointed_star
          [minmay_the_grid_triangle_9x9_dagger,
          minmay_the_grid_triangle_9x9_swiss_cheese,
          minmay_the_grid_triangle_9x9_minimal,
          minmay_the_grid_triangle_9x9_alien,
          minmay_the_grid_prize_four_corners], layout_basic

Skill      XL: |  1  2  3  4  5  6  7  8  9 10 |
---------------+-------------------------------+-----
Axes           | 4 5 6 7 8 10 13 15 16 | 16.0
Fighting       | 4 5 6 |  6.0
Armour         | 4 |  4.2
Shields        | 7 |  7.7
Dodging        | |  2.4

Action                   |  1- 3 |  4- 6 |  7- 9 | 10-12 || total
-------------------------+-------+-------+-------+-------++-------
Melee: Hand axe          |    93 |    37 |   197 |     3 ||   330
       Headbutt          |    13 |    13 |    40 |    18 ||    84
       War axe           |       |    57 |    70 |   101 ||   228
Throw: Dart              |       |     5 |    28 |    10 ||    43
       Throwing net      |       |     1 |       |       ||     1
Invok: Berserk           |     1 |     1 |     2 |     2 ||     6
       Trog's Hand       |       |     1 |     1 |       ||     2
  Use: Scroll            |       |       |     2 |     5 ||     7
Armor: Chain mail        |    58 |    48 |    96 |    37 ||   239
Dodge: Dodged            |    46 |    33 |    84 |    14 ||   177
Block: Kite shield       |       |       |       |    26 ||    26
